 Dungeon Crawl Stone Soup version 0.31-a0-986-g5e6e4ef867 (webtiles) character file.

Game seed: 14617954529712102129

3472 Firecrotchwizard the Grappler (level 9, -11/72 HPs)
             Began as a Demonspawn Shapeshifter on Nov 18, 2023.
             Was a Believer of Ru.
             Killed by the air
             ... invoked by Gastronok
              (22 damage)
             ... on level 8 of the Dungeon.
             The game lasted 00:28:21 (7984 turns).

Firecrotchwizard the Grappler (DsSh)                Turns: 7984, Time: 00:28:21

Health: -11/72     AC:  8    Str: 19    XL:     9   Next: 79%
Magic:  9/9        EV:  8    Int: 10    God:    Ru [**....]
Gold:   644        SH:  4    Dex: 16    Spells: 8/8 levels left

rFire   . .          .
                       - Unarmed
rCold   . . .        I - +0 buckler
rNeg    . . .        v - +0 chain mail
rPois   .            (helmet currently unavailable)
rElec   .            (cloak currently unavailable)
rCorr   .            (gloves currently unavailable)
SInv    +            (boots currently unavailable)
Will    .....        (no amulet) Stlth
                     B - ring "Domoloe" {Wiz SInv}
HPRegen 0.32/turn    (no ring)
MPRegen 0.11/turn

%: clarity, wizardry (x1)
@: beast-form
A: beast (slay +3), antennae 1, claws 1, hooves 2, powered by death 1, inability
to use devices, agile 1, clarity, wild magic 1
a: Begin Untransformation, Renounce Religion


You were on level 8 of the Dungeon.
You worshipped Ru.
Ru was pleased with you.
You were a hulking beast.
You visited 1 branch of the dungeon, and saw 8 of its levels.
You also visited: Ossuary.

You collected 644 gold pieces.

Inventory:

Missiles
 k - 16 poisoned darts
Armour
 a - a +0 animal skin
 h - a +0 leather armour
 l - a +0 leather armour of poison resistance
 v - a +0 chain mail (worn)
 A - +0 steam dragon scales
 I - a +0 buckler (worn)
Jewellery
 g - a ring of magical power
 i - a ring of magical power
 r - a ring of wizardry
 B - the ring "Domoloe" (left claw) {Wiz SInv}
   (You found it on level 7 of the Dungeon)

   [ring of wizardry]

   Wiz:       It improves your spell success rate.
   SInv:      It lets you see invisible.
Talismans
 c - a beast talisman
 d - a flux talisman
Scrolls
 e - 5 scrolls of teleportation {unknown}
 f - a scroll of torment {unknown}
 o - 6 scrolls of identify {unknown}
 p - 2 scrolls of fear {unknown}
 q - 3 scrolls of butterflies {unknown}
 s - a scroll of immolation {unknown}
 t - 2 scrolls of enchant armour {unknown}
 w - a scroll of poison {unknown}
 y - a scroll of fog {unknown}
 E - a scroll of revelation {unknown}
 F - a scroll of vulnerability {unknown}
Potions
 b - a potion of lignification
 j - 3 potions of enlightenment {unknown}
 m - 2 potions of mutation
 n - a potion of attraction {unknown}
 u - 2 potions of resistance {unknown}
 x - a potion of ambrosia {unknown}
 z - 4 potions of brilliance {unknown}
 C - a potion of curing {unknown}
 D - a potion of might {unknown}
 G - a potion of haste {unknown}
 H - a potion of degeneration {unknown}


   Skills:
 + Level 7.0 Fighting
 - Level 1.7 Dodging
 * Level 9.5 Unarmed Combat
 + Level 6.4 Shapeshifting


You had 8 spell levels left.
You didn't know any spells.
Your spell library was empty.

Dungeon Overview and Level Annotations

Branches:
Dungeon (8/15)             Temple (0/1) D:7         Ossuary (visited)
   Lair: D:8-11

Altars:
Fedhas
Okawaru
Ru
Sif Muna
Uskayaw

Shops:
D:6 *

Annotations:
D:8 Gastronok


Innate Abilities, Weirdness & Mutations

You are a hulking beast.
Your limbs bulge with bestial killing power. (Slay +3)
You have a pair of small antennae on your head.
You have sharp fingernails.
You have hoof-like feet.
You regenerate a little health from kills.
You cannot study or use magical devices.
You are agile. (Dex +4, Str/Int -1)
You possess an exceptional clarity of mind.
Your spells are a little harder to cast, but a little more powerful.


Message History

You now have 633 gold pieces (gained 11).
You see here a +0 hand axe.
e - 5 scrolls labelled XOATOUNWICU (gained 1)
You now have 644 gold pieces (gained 11).
Things that are here:
a +0 falchion of holy wrath; a +0 leather armour You see here a +0 club.
There is a stone staircase leading up here.
Done exploring.
Done exploring.
Okay, then.
Items here: )) [[.
There is a stone staircase leading down here.
You climb downwards.
Gastronok gurgles horribly!
There is a stone staircase leading up here.
Gastronok is nearby!
Okay, then.
Throw: 24 darts (poison)
Press: ? - help, Shift-Dir - straight line, f - Gastronok
Aim: Gastronok, wearing the +3 hat of Pondering {ponderous, Will+ MP+10 Int+5} (94% to hit)
You throw a poisoned dart. The poisoned dart hits Gastronok.
Throw: 23 darts (poison)
Press: ? - help, Shift-Dir - straight line, f/p - Gastronok
Aim: Gastronok, wearing the +3 hat of Pondering {ponderous, Will+ MP+10 Int+5} (94% to hit)
You throw a poisoned dart. The poisoned dart hits Gastronok.
Gastronok waves his eye-stalks in wide circles.
The air twists around and strikes you!
Throw: 22 darts (poison)
Press: ? - help, Shift-Dir - straight line, f/p - Gastronok
Aim: Gastronok, wearing the +3 hat of Pondering {ponderous, Will+ MP+10 Int+5} (94% to hit)
You throw a poisoned dart. The poisoned dart hits Gastronok.
Throw: 21 darts (poison)
Press: ? - help, Shift-Dir - straight line, f/p - Gastronok
Aim: Gastronok, wearing the +3 hat of Pondering {ponderous, Will+ MP+10 Int+5} (94% to hit)
You throw a poisoned dart. The poisoned dart hits Gastronok.
Throw: 20 darts (poison)
Press: ? - help, Shift-Dir - straight line, f/p - Gastronok
Aim: Gastronok, wearing the +3 hat of Pondering {ponderous, Will+ MP+10 Int+5} (94% to hit)
You throw a poisoned dart. The poisoned dart hits Gastronok.
Gastronok is poisoned.
Throw: 19 darts (poison)
Press: ? - help, Shift-Dir - straight line, f/p - Gastronok
Aim: Gastronok, wearing the +3 hat of Pondering {ponderous, Will+ MP+10 Int+5} (lightly wounded, poisoned, 94% to hit)
You throw a poisoned dart. The poisoned dart hits Gastronok.
Gastronok looks even sicker.
Gastronok is lightly wounded.
You don't have any such object.
Fire/throw/use which item? ([*] to toss any item) (? for menu, Esc to quit)
That's the wrong kind of item! (Use * to select it.) Fire/throw/use which item? ([*] to toss any item) (? for menu, Esc to quit)
Throw: 18 darts (poison)
Press: ? - help, Shift-Dir - straight line, f/p - Gastronok
Aim: Gastronok, wearing the +3 hat of Pondering {ponderous, Will+ MP+10 Int+5} (lightly wounded, very poisoned, 94% to hit)
You throw a poisoned dart. The poisoned dart hits Gastronok.
Gastronok looks even sicker.
Gastronok is lightly wounded.
Throw: 17 darts (poison)
Press: ? - help, Shift-Dir - straight line, f/p - Gastronok
Aim: Gastronok, wearing the +3 hat of Pondering {ponderous, Will+ MP+10 Int+5} (lightly wounded, very poisoned, 94% to hit)
You throw a poisoned dart. The poisoned dart hits Gastronok.
Gastronok looks as sick as possible!
Gastronok is lightly wounded.
You completely miss Gastronok.
Gastronok is lightly wounded.
You claw Gastronok!
Gastronok is lightly wounded.
You redirect Gastronok's attack!
Gastronok bites you!
You scratch Gastronok. You kick Gastronok.
Gastronok is lightly wounded.
You scratch Gastronok but do no damage. You kick Gastronok.
Gastronok is moderately wounded.
You scratch Gastronok. You kick Gastronok!
Gastronok is moderately wounded.
Gastronok bites you!
* * * LOW HITPOINT WARNING * * *
You scratch Gastronok.
Gastronok is moderately wounded.
You scratch Gastronok. Your kick misses Gastronok.
Gastronok is moderately wounded.
Gastronok bites you!
* * * LOW HITPOINT WARNING * * *
You claw Gastronok! You kick Gastronok!
Gastronok is heavily wounded.
You scratch Gastronok but do no damage.
Gastronok is heavily wounded.
Gastronok waves his eye-stalks in wide circles.
The air twists around and strikes you!
* * * LOW HITPOINT WARNING * * *
You scratch Gastronok.
Gastronok is heavily wounded.
You claw Gastronok!
Gastronok is severely wounded.
You scratch Gastronok. You kick Gastronok, but do no damage.
Gastronok is severely wounded.
Gastronok waves his eye-stalks in wide circles.
The air twists around and strikes you!!
You die...
Gastronok gurgles, "Time to dig in!"

##########
#..(((wh.#
#.######<#
#.# #.#
#.# #.#
#.# #..
###


You could see Gastronok (very poisoned).

Vanquished Creatures
  Joseph (D:7)
  Maggie (D:7)
  Prince Ribbit (D:5)
  4 water moccasins
  An orc warrior (D:7)
  A sky beast (D:7)
  2 ice beasts
  A black bear (D:4)
  4 centaurs
  A phantom (D:5)
  A bullfrog (D:6)
  5 scorpions
  2 hounds
  3 jellies
  7 orc priests
  4 iguanas
  2 sleepcaps (D:5)
  7 orc wizards
  2 mummies (Ossuary)
  Robin (D:2)
  5 adders
  A shadow imp (D:7)
  3 white imps
  3 ufetubi (D:5)
  A worm zombie (D:7)
  6 adder zombies (Ossuary)
  2 worms
  24 orcs
  9 endoplasms
  3 giant cockroaches
  4 gnoll zombies (Ossuary)
  13 goblins
  12 hobgoblins
  4 jackals (D:4)
  6 quokkas
  8 ball pythons
  2 bats
  6 frilled lizards
  4 hobgoblin zombies
  A jackal zombie (D:7)
  10 kobolds
  5 kobold zombies (Ossuary)
  6 orc zombies (Ossuary)
  4 rats
  A rat zombie (D:7)
194 creatures vanquished.

Notes
Turn   | Place    | Note
-------+----------+-------------------------------------------
     0 | D:1      | Firecrotchwizard the Demonspawn Shapeshifter began the
                  | quest for the Orb.
     0 | D:1      | Reached XP level 1. HP: 15/15 MP: 1/1
    69 | D:1      | Found a faded altar of an unknown god.
   270 | D:1      | Reached skill level 3 in Unarmed Combat
   294 | D:1      | Discovered your monstrous ancestry.
   294 | D:1      | Gained mutation: You have large cloven feet. [demonic
                  | ancestry]
   294 | D:1      | Reached XP level 2. HP: 21/21 MP: 2/2
  1243 | D:2      | Gained mutation: You have hoof-like feet. [demonic
                  | ancestry]
  1243 | D:2      | Reached XP level 3. HP: 26/26 MP: 3/3
  1268 | D:2      | Identified the +2 helmet of Greed {Harm rElec}
  1268 | D:2      | Noticed Robin
  1344 | D:2      | Killed Robin
  2279 | D:3      | Reached XP level 4. HP: 33/33 MP: 4/4
  2306 | D:3      | Reached skill level 4 in Unarmed Combat
  2307 | D:3      | Gained mutation: You regenerate a little health from kills.
                  | [demonic ancestry]
  2307 | D:3      | Reached XP level 5. HP: 39/39 MP: 5/5
  2923 | D:4      | Noticed a black bear
  2963 | D:4      | Killed a black bear
  2964 | D:4      | Gained mutation: You have a pair of small antennae on your
                  | head. [demonic ancestry]
  2964 | D:4      | Reached XP level 6. HP: 27/47 MP: 6/6
  3232 | D:4      | Reached skill level 5 in Unarmed Combat
  3956 | D:4      | Found an iron altar of Okawaru.
  4237 | D:5      | Entered Level 5 of the Dungeon
  4252 | D:5      | Reached XP level 7. HP: 22/53 MP: 7/7
  4430 | D:5      | Gained mutation: You are agile. (Dex +4, Str/Int -1)
                  | [potion of mutation]
  4430 | D:5      | Gained mutation: You possess an exceptional clarity of
                  | mind. [potion of mutation]
  4430 | D:5      | Gained mutation: Your spells are a little harder to cast,
                  | but a little more powerful. [potion of mutation]
  4580 | D:5      | Reached skill level 6 in Unarmed Combat
  4905 | D:5      | Gained mutation: You have sharp fingernails. [demonic
                  | ancestry]
  4905 | D:5      | Reached XP level 8. HP: 47/61 MP: 8/8
  5036 | D:5      | Noticed Prince Ribbit
  5046 | D:5      | Killed Prince Ribbit
  5047 | D:5      | Reached skill level 7 in Unarmed Combat
  5060 | D:5      | Reached skill level 5 in Fighting
  5103 | D:5      | Reached skill level 5 in Shapeshifting
  5319 | D:5      | Found a hide-covered altar of Uskayaw.
  5396 | D:5      | Found a sacrificial altar of Ru.
  5428 | D:5      | Became a worshipper of Ru the Awakened
  5582 | D:5      | Found a shimmering blue altar of Sif Muna.
  5883 | D:6      | Found a blossoming altar of Fedhas.
  5954 | D:6      | Found Xipeqosm's Assorted Antiques.
  6065 | D:6      | Reached skill level 8 in Unarmed Combat
  6211 | D:6      | Reached XP level 9. HP: 62/69 MP: 9/9
  6709 | D:7      | Identified the ring "Domoloe" {Wiz SInv}
  6713 | D:7      | Gained mutation: You cannot study or use magical devices.
                  | [Ru sacrifice]
  6713 | D:7      | Reached * piety under Ru
  6713 | D:7      | Reached ** piety under Ru
  6721 | D:7      | Found a staircase to the Ecumenical Temple.
  6974 | D:7      | Noticed Joseph
  6989 | D:7      | HP: 2/69 [Joseph/+2 heavy quarterstaff (10)]
  6991 | D:7      | Killed Joseph
  7245 | D:7      | Noticed Maggie
  7272 | D:7      | Killed Maggie
  7273 | D:7      | Reached skill level 9 in Unarmed Combat
  7401 | D:7      | Found a sand-covered staircase.
  7422 | Ossuary  | Entered an ossuary
  7963 | D:8      | Noticed Gastronok
  7984 | D:8      | Killed from afar by Gastronok

Illustrated notes

Levels and vault maps discovered:
D:1:      amcnicky_arrival_gap_in_the_tavern_cellar, layout_basic,
          ebering_ecumenical_altar_mist, chequers_big_river
D:2:      layout_basic, uniq_robin
D:3:      layout_loops_ring, elyvilon_altar_1, minmay_randomly_rotated_circles
D:4:      layout_basic, general_overflow_altar
D:5:      layout_basic, eat_drink_and_be_merry_uskayaw,
          mainiacjoe_overflow_paths, lemuel_blue_sif_altar,
          minmay_fractal_squares_gapless_5, uniq_prince_ribbit1
D:6:      layout_basic, fedhas_bush_and_centaur_altar, serial_shops, shop,
          kennysheep_boxes
D:7:      layout_rooms, minmay_temple_entry_fiery, enter_ossuary_3, uniq_joseph,
          uniq_maggie
D:8:      layout_loops_ring, uniq_gastronok

Skill      XL: |  1  2  3  4  5  6  7  8  9 |
---------------+----------------------------+-----
Unarmed Combat | 3 4 5 6 8 9 |  9.5
Shapeshifting  | 3 4 5 6 |  6.4
Fighting       | 2 3 4 5 7 |  7.0
Dodging        | |  1.7

Action                     |  1- 3 |  4- 6 |  7- 9 || total
---------------------------+-------+-------+-------++-------
  Melee: Unarmed           |    97 |   144 |   294 ||   535
         Punch             |     1 |     2 |    11 ||    14
         Kick              |    15 |    31 |   106 ||   152
  Throw: Dart              |       |     5 |    32 ||    37
 Invoke: Sacrifice Artific |       |       |     1 ||     1
  Evoke: Wand              |       |       |     2 ||     2
    Use: Potion            |       |     1 |     2 ||     3
 Armour: Animal skin       |    10 |       |       ||    10
         Leather armour    |    32 |    67 |       ||    99
         Skin              |       |    11 |       ||    11
         Chain mail        |       |    12 |   210 ||   222
  Dodge: Dodged            |    46 |    85 |    73 ||   204
  Block: Buckler           |       |       |     2 ||     2

Table legend: (Time is in decaauts)
 A = Elapsed time spent in this place.
 B = Non-inter-level travel time spent in this place.
 C = Inter-level travel time spent in this place.
 D = Time resting spent in this place.
 E = Time spent auto-exploring this place.
 F = Levels seen in this place.
 G = Mean time per level.
                   A        B        C        D        E       F      G
               +--------+--------+--------+--------+--------+-----+--------+
         Total |   7934 |   7719 |    215 |   1144 |   5028 |   9 |  881.6 |
       Dungeon |   7740 |   7525 |    215 |   1144 |   4933 |   8 |  967.5 |
       Ossuary |    193 |    193 |      0 |      0 |     95 |   1 |  193.0 |
               +--------+--------+--------+--------+--------+-----+--------+

Top non-repeatable levels by time:
     D:4: 1521 daAuts
     D:5: 1200 daAuts
     D:6: 1170 daAuts
     D:2: 1083 daAuts
     D:1: 1051 daAuts
     D:7: 925 daAuts
     D:3: 768 daAuts
 Ossuary: 193 daAuts
     D:8: 19 daAuts
